 Dungeon Crawl Stone Soup version 0.27-a0-1083-gcf8293e1eb (webtiles) character file.

Game seed: 12204570266197051706

12 EnegeticOcto the Caller (level 2, 8/20 HPs)
             Began as a Gnoll Summoner on Apr 26, 2021.
             Was a Follower of Uskayaw.
             Quit the game on level 3 of the Dungeon.
             The game lasted 00:01:21 (186 turns).

EnegeticOcto the Caller (Gnoll Summoner)             Turns: 186, Time: 00:01:22

Health: 8/20       AC:  2    Str:  7    XL:     2   Next: 33%
Magic:  6/7        EV: 13    Int: 14    God:    Uskayaw [*.....]
Gold:   0          SH:  0    Dex: 12    Spells: 7/10 levels left

rFire    . . .     SeeInvis .   e - +0 whip
rCold    . . .     Faith    .   (no shield)
rNeg     . . .     Spirit   .   a - +0 robe
rPois    .         Reflect  .   (no helmet)
rElec    .         Harm     .   (no cloak)
rCorr    .         Rampage  .   (no gloves)
Will     .....                  (no boots)
Stlth    ++........             (no amulet)
HPRegen  0.06/turn              (no ring)
MPRegen  0.10/turn              (no ring)

@: no status effects
A: fangs 1, strong nose, distributed training
a: Renounce Religion, Stomp


You were on level 3 of the Dungeon.
You worshipped Uskayaw.
Uskayaw was noncommittal.
You visited 1 branch of the dungeon, and saw 3 of its levels.

Inventory:

Hand Weapons
 e - a +0 whip (weapon)
   (You took it off a kobold on level 1 of the Dungeon)
Armour
 a - a +0 robe (worn)
Scrolls
 b - a scroll of identify {unknown}
 f - a scroll of magic mapping {unknown}
Potions
 c - a potion of ambrosia {unknown}
 d - a potion of resistance {unknown}
 g - 2 potions of mutation {unknown}
 h - a potion of curing {unknown}


   Skills:
 + Level 0.3 Fighting
 + Level 0.3 Short Blades
 + Level 0.3 Long Blades
 + Level 0.3 Axes
 + Level 0.3 Maces & Flails
 + Level 0.3 Polearms
 + Level 0.3 Staves
 + Level 0.3 Slings
 + Level 0.3 Bows
 + Level 0.3 Crossbows
 + Level 0.3 Throwing
 + Level 0.3 Armour
 + Level 4.4 Dodging
 + Level 4.0 Stealth
 + Level 0.3 Shields
 + Level 0.3 Unarmed Combat
 + Level 4.9 Spellcasting
 + Level 0.2 Conjurations
 + Level 0.2 Hexes
 + Level 7.0 Summonings
 + Level 0.2 Necromancy
 + Level 0.2 Translocations
 + Level 0.2 Transmutations
 + Level 0.2 Fire Magic
 + Level 0.2 Ice Magic
 + Level 0.2 Air Magic
 + Level 0.2 Earth Magic
 + Level 0.2 Poison Magic
 + Level 0.4 Invocations
 + Level 0.3 Evocations


You had 7 spell levels left.
You knew the following spells:

 Your Spells              Type           Power      Damage    Failure   Level
a - Summon Small Mammal   Summ           92%        N/A       1%          1
b - Call Imp              Summ           23%        N/A       1%          2

Your spell library contained the following spells:

 Spells                   Type           Power      Damage    Failure   Level
 Call Canine Familiar     Summ           23%        N/A       3%          3
 Summon Guardian Golem    Hex/Summ       13%        N/A       12%         3
 Summon Ice Beast         Ice/Summ       13%        N/A       36%         4
 Summon Lightning Spire   Summ/Air       13%        N/A       36%         4


Dungeon Overview and Level Annotations

Branches:
Dungeon (3/15)

Altars:
Uskayaw


Innate Abilities, Weirdness & Mutations

You have very sharp teeth.
Your uncanny sense of smell can sniff out nearby items.
Your experience applies equally to all skills.


Message History

Your quokka bites the bat but does no damage.
The bat barely misses you. The bat closely misses you.
The bat hits you but does no damage.
Your quokka barely misses the bat. x3; Your quokka misses the bat.
Something misses your quokka. x2; Something hits your quokka.
Things that are here:
a +0 whip; a kobold corpse
e - a +0 whip (weapon)
Your quokka barely misses the bat.
The bat hits your quokka but does no damage. x2
The bat hits your quokka.
Your quokka misses the bat.
Your quokka bites the bat.
The bat dies!
You see here 14 stones.
There is a stone staircase leading down here.
You climb downwards.
There is a stone staircase leading up here.
An adder comes into view.
A goblin comes into view. It is wielding a +0 club.
Casting: Summon Small Mammal (safe; 1% risk of failure)
Confirm with . or Enter, or press ? or * to list all spells.
The adder hisses angrily.
Casting: Summon Small Mammal (safe; 1% risk of failure)
Confirm with . or Enter, or press ? or * to list all spells.
The adder barely misses you.
Your quokka bites the adder.
You miss the adder. Your bite misses the adder.
The adder is lightly wounded.
The goblin shouts!
The adder closely misses you.
Your quokka barely misses the adder.
The adder bites you.
* * * LOW HITPOINT WARNING * * *
You closely miss the adder.
The adder is lightly wounded.
Your quokka completely misses the adder.
Your quokka closely misses the adder.
The adder closely misses you.
You hit the adder.
The adder is moderately wounded.
The adder barely misses you.
Your quokka bites the adder.
Your quokka bites the adder but does no damage.
The adder misses your quokka.
Your quokka closely misses the adder.
Your quokka misses the adder. You hit the adder.
The adder is almost dead.
The adder closely misses you.
Your quokka closely misses the adder.
Your quokka barely misses the adder.
You hit the adder.
You kill the adder!
You have reached level 2!
You swap places.
Your quokka barely misses the goblin.
You hit the goblin.
You kill the goblin!
Okay, then.
Memorise Call Imp, consuming 2 spell levels and leaving 7?
You start memorising the spell.
You continue memorising. x2
You finish memorising.
Spell assigned to 'b'.
You open the door.
Your quokka disappears in a puff of smoke!
You open the door. You open the door.
There is an open door here.
Found a stone staircase leading down.
Your quokka disappears in a puff of smoke!
There is a stone staircase leading down here.
You open the door.
Found a short sword and a scroll labelled YNKOEL JIKHA.
There is an open door here.
f - a scroll labelled YNKOEL JIKHA
(D) Dungeon
Where to? (? - help)
There is an open door here.
There is a stone staircase leading down here.
You climb downwards.
Found 2 fizzy green potions.
Found an escape hatch in the ceiling.
There is a stone staircase leading up here.
g - 2 fizzy green potions
There is a stone staircase leading up here.
A ball python comes into view.
Found a faded altar of an unknown god.
Found 11 stones.
Casting: Summon Small Mammal (safe; 1% risk of failure)
Confirm with . or Enter, or press ? or * to list all spells.
A beastly little devil appears in a puff of flame.
The ball python hisses angrily.
The ball python bites your crimson imp but does no damage.
The ball python barely misses your crimson imp.
The ball python barely misses your crimson imp.
The ball python closely misses your crimson imp.
Your crimson imp hits the ball python.
The ball python dies!
You swap places.
Found an escape hatch in the floor.
You see here a ball python corpse.
Found a pink potion.
There is a faded altar of an unknown god here.
You cannot tell which god this altar belongs to.
Convert to them anyway?
Uskayaw accepts your prayer! Uskayaw welcomes you!
You can now stomp with the beat.
h - a pink potion Are you sure you want to abandon this character and quit the game? (Confirm with "yes".)

##.....## #.#
#....#### #.#
#.#..†.(## #.#
##.####...###.#
..............#
##.####._.###.#
#............#
#######.####5#
#.# #@# #># #.#
#.. #.# ##. #.#
. #.# #.# #.#
#.#


You could see a friendly crimson imp (summoned).

Vanquished Creatures
  An adder (D:2)
  A goblin (D:2)
2 creatures vanquished.

Vanquished Creatures (collateral kills)
  A bat (D:1)
  A hobgoblin (D:1)
  A kobold (D:1)
  A quokka (D:1)
  2 ball pythons
6 creatures vanquished.

Grand Total: 8 creatures vanquished

Notes
Turn   | Place    | Note
-------+----------+-------------------------------------------
     0 | D:1      | EnegeticOcto the Gnoll Summoner began the quest for the
                  | Orb.
     0 | D:1      | Reached XP level 1. HP: 13/13 MP: 6/6
   113 | D:2      | Reached XP level 2. HP: 3/20 MP: 4/7
   118 | D:2      | Learned a level 2 spell: Call Imp
   167 | D:3      | Found a faded altar of an unknown god.
   178 | D:3      | Became a worshipper of Uskayaw the Reveller
   178 | D:3      | Reached * piety under Uskayaw
   186 | D:3      | Quit the game

Illustrated notes

Levels and vault maps discovered:
D:1:      dpeg_arrival_rooms_c, layout_loops_ring
D:2:      minmay_angry_zag, layout_basic
D:3:      layout_loops_ring, gammafunk_temple_overflow_wave,
          basic_ecumenical_altar, gammafunk_ghost_arena, uniq_terence,
          uniq_crazy_yiuf_cottage, uniq_natasha

Action                   || total
-------------------------++-------
Melee: Unarmed           ||    13
       Whip              ||     6
       Bite              ||     1
 Cast: Summon Small Mamm ||     7
       Call Imp          ||     1
Armor: Robe              ||     4
Dodge: Dodged            ||    26

Table legend: (Time is in decaauts)
 A = Elapsed time spent in this place.
 B = Non-inter-level travel time spent in this place.
 C = Inter-level travel time spent in this place.
 D = Time resting spent in this place.
 E = Time spent auto-exploring this place.
 F = Levels seen in this place.
 G = Mean time per level.
                   A        B        C        D        E       F      G
               +--------+--------+--------+--------+--------+-----+--------+
         Total |    185 |    176 |      9 |      0 |      0 |   3 |   61.7 |
       Dungeon |    185 |    176 |      9 |      0 |      0 |   3 |   61.7 |
               +--------+--------+--------+--------+--------+-----+--------+

Top non-repeatable levels by time:
     D:1: 94 daAuts
     D:2: 67 daAuts
     D:3: 23 daAuts
